General information
- name: BNet
- type: Ladder team game (AT/RT)
- host: Battle.net
- saver: TING4STROP
map: Highperch
- players: 6
- length: 22:34
- speed: Fast
- version: 1.26 W3XP
- replay type:

» download(196 KB)
Players
team 1 (loser)
0rc[o]gt (
orange | 232 APM | 5236 actions | 22:31)
3 Blademaster
1 Wind Walk
2 Critical Strike
1 Shadow Hunter
1 Hex
» actions
| Assign group hotkey | 27 | |
| Basic commands | 59 | |
| Build / train | 97 | |
| Enter build submenu | 17 | |
| Enter hero's abilities submenu | 4 | |
| Give item / drop item | 1 | |
| Right click | 2279 | |
| Select / deselect | 379 | |
| Select group hotkey | 2339 | |
| Use ability | 34 | |
5236 total
» units
| Peon | 19 | |
| Grunt | 11 | |
| Demolisher | 6 | |
| Tauren | 7 | |
| Frost Wyrm | 6 | |
| Shaman | 3 | |
52 total
» upgrades
| Berserker Strength | 1 | |
| Burning Oil | 1 | |
| Pillage | 1 | |
| Shaman Training | 2 | |
| Pulverize | 1 | |
| Freezing Breath | 1 | |
| Witch Doctor Training | 2 | |
| Spiked Barricades | 1 | |
| Armor | 1 | |
11 total
» buildings
| Altar of Storms | 1 | |
| Orc Burrow | 8 | |
| Barracks | 2 | |
| Voodoo Lounge | 1 | |
| Stronghold | 2 | |
| War Mill | 1 | |
| Fortress | 3 | |
| Spirit Lodge | 2 | |
| Tauren Totem | 1 | |
21 total
» build order
00:03 Altar of Storms
00:16 Orc Burrow
00:40 Barracks
01:29 Orc Burrow
01:53 Voodoo Lounge
03:01 Stronghold
03:35 Orc Burrow
03:48 War Mill
05:09 Barracks
05:35 Fortress
05:35 Fortress
05:36 Fortress
06:16 Orc Burrow
07:15 Orc Burrow
07:44 Spirit Lodge
08:12 Tauren Totem
09:50 Orc Burrow
10:54 Orc Burrow
20:43 Spirit Lodge
21:01 Orc Burrow
» items
| Circlet of Nobility | 1 | |
| Orb of Lightning | 1 | |
| Healing Salve | 4 | |
| Scroll of Regeneration | 1 | |
| Potion of Healing | 1 | |
| Staff of Sanctuary | 1 | |
9 total
bprebirth (
teal | 185 APM | 2155 actions | 11:40)
3 Death Knight
2 Death Coil
1 Unholy Aura
1 Lich
1 Frost Nova
» actions
| Assign group hotkey | 19 | |
| Basic commands | 104 | |
| Build / train | 57 | |
| Enter build submenu | 16 | |
| Enter hero's abilities submenu | 4 | |
| Give item / drop item | 1 | |
| Right click | 568 | |
| Select / deselect | 212 | |
| Select group hotkey | 1125 | |
| Use ability | 49 | |
2155 total
» units
| Acolyte | 10 | |
| Ghoul | 9 | |
| Crypt Fiend | 5 | |
| Obsidian Statue | 2 | |
26 total
» upgrades
| Creature Attack | 1 | |
| Burrow | 1 | |
| Destroyer Form | 1 | |
| Web | 2 | |
5 total
» buildings
| Ziggurat | 4 | |
| Altar of Darkness | 1 | |
| Crypt | 1 | |
| Tomb of Relics | 1 | |
| Graveyard | 1 | |
| Nerubian Tower | 1 | |
| Spirit Tower | 1 | |
| Halls of the Dead | 1 | |
| Black Citadel | 1 | |
| Slaughterhouse | 1 | |
| Sacrificial Pit | 1 | |
| Necropolis | 1 | |
| Boneyard | 1 | |
| Temple of the Damned | 1 | |
17 total
» build order
00:05 Ziggurat
00:07 Altar of Darkness
00:35 Crypt
00:50 Tomb of Relics
01:19 Graveyard
01:41 Ziggurat
03:13 Nerubian Tower
03:14 Spirit Tower
03:24 Halls of the Dead
05:50 Black Citadel
06:11 Slaughterhouse
06:21 Ziggurat
08:02 Ziggurat
08:21 Sacrificial Pit
09:22 Necropolis
09:34 Boneyard
11:10 Temple of the Damned
» items
| Rod of Necromancy | 2 | |
| Dust of Appearance | 1 | |
| Sacrificial Skull | 1 | |
| Orb of Corruption | 1 | |
| Potion of Lesser Invulnerability | 4 | |
9 total
Trueno (
yellow | 68 APM | 1525 actions | 22:24)
4 Archmage
2 Blizzard
2 Brilliance Aura
1 Blood Mage
1 Flame Strike
1 Paladin
1 Holy Light
» actions
| Assign group hotkey | 25 | |
| Basic commands | 123 | |
| Build / train | 100 | |
| ESC pressed | 3 | |
| Enter build submenu | 33 | |
| Enter hero's abilities submenu | 6 | |
| Right click | 388 | |
| Select / deselect | 361 | |
| Select group hotkey | 402 | |
| Use ability | 84 | |
1525 total
» units
| Peasant | 21 | |
| Footman | 1 | |
| Rifleman | 6 | |
| Dragonhawk Rider | 11 | |
| Priest | 2 | |
| Acolyte | 2 | |
| Gryphon Rider | 1 | |
| Ghoul | 1 | |
| Frost Wyrm | 8 | |
| Siege Engine | 3 | |
56 total
» upgrades
| Gunpowder | 2 | |
| Lumber Harvesting | 2 | |
| Armor | 1 | |
| Cloud | 1 | |
| Priest Training | 2 | |
| Magic Sentry | 1 | |
| Animal War Training | 1 | |
| Barrage | 1 | |
| Creature Attack | 2 | |
| Plating | 1 | |
14 total
» buildings
| Altar of Kings | 1 | |
| Farm | 10 | |
| Barracks | 1 | |
| Blacksmith | 1 | |
| Scout Tower | 5 | |
| Arcane Tower | 1 | |
| Town Hall | 1 | |
| Keep | 2 | |
| Arcane Vault | 1 | |
| Lumber Mill | 1 | |
| Castle | 1 | |
| Gryphon Aviary | 2 | |
| Arcane Sanctum | 1 | |
| Boneyard | 1 | |
| Workshop | 2 | |
| Ziggurat | 5 | |
| Spirit Tower | 1 | |
| Guard Tower | 1 | |
38 total
» build order
00:05 Altar of Kings
00:19 Farm
00:20 Barracks
01:08 Farm
01:41 Farm
01:58 Blacksmith
02:02 Scout Tower
02:45 Arcane Tower
02:47 Farm
02:47 Farm
05:38 Town Hall
06:34 Farm
06:35 Farm
07:10 Keep
07:10 Keep
07:53 Arcane Vault
08:15 Lumber Mill
08:19 Farm
08:19 Farm
08:20 Farm
09:33 Castle
09:34 Gryphon Aviary
10:05 Gryphon Aviary
10:09 Arcane Sanctum
11:24 Scout Tower
11:25 Scout Tower
11:25 Scout Tower
11:25 Scout Tower
12:01 Boneyard
12:37 Workshop
14:15 Ziggurat
14:17 Ziggurat
14:24 Ziggurat
14:25 Ziggurat
14:25 Ziggurat
15:45 Spirit Tower
16:05 Guard Tower
18:02 Workshop
» items
| Scroll of Regeneration | 2 | |
| Potion of Healing | 1 | |
3 total
team 2 (winner)
SlaterFutbolGOD (
green | 132 APM | 2971 actions | 22:31)
2 Archmage
1 Blizzard
1 Brilliance Aura
1 Blood Mage
1 Flame Strike
» actions
| Assign group hotkey | 213 | |
| Basic commands | 59 | |
| Build / train | 137 | |
| ESC pressed | 4 | |
| Enter build submenu | 80 | |
| Enter hero's abilities submenu | 3 | |
| Give item / drop item | 8 | |
| Right click | 1267 | |
| Select / deselect | 471 | |
| Select group hotkey | 531 | |
| Use ability | 198 | |
2971 total
» units
| Peasant | 22 | |
| Dragonhawk Rider | 4 | |
26 total
» upgrades
| Masonry | 3 | |
| Lumber Harvesting | 2 | |
| Magic Sentry | 1 | |
| Armor | 3 | |
| Swords | 3 | |
| Animal War Training | 1 | |
| Cloud | 1 | |
14 total
» buildings
| Altar of Kings | 1 | |
| Farm | 6 | |
| Lumber Mill | 1 | |
| Scout Tower | 47 | |
| Guard Tower | 51 | |
| Arcane Tower | 13 | |
| Arcane Vault | 2 | |
| Keep | 2 | |
| Town Hall | 1 | |
| Gryphon Aviary | 3 | |
| Arcane Sanctum | 1 | |
| Blacksmith | 1 | |
| Castle | 2 | |
| Barracks | 1 | |
132 total
» build order
00:03 Altar of Kings
00:06 Farm
00:20 Farm
00:52 Lumber Mill
01:45 Scout Tower
01:48 Scout Tower
01:58 Scout Tower
02:12 Farm
02:17 Guard Tower
02:17 Arcane Tower
02:22 Scout Tower
02:23 Scout Tower
02:28 Arcane Tower
02:29 Arcane Tower
02:50 Arcane Tower
02:53 Guard Tower
03:35 Arcane Vault
03:37 Arcane Vault
03:49 Scout Tower
03:50 Scout Tower
03:51 Scout Tower
03:55 Scout Tower
04:04 Guard Tower
04:05 Guard Tower
04:05 Guard Tower
04:18 Scout Tower
04:22 Scout Tower
04:22 Guard Tower
04:22 Guard Tower
04:23 Guard Tower
04:25 Scout Tower
04:27 Scout Tower
04:28 Guard Tower
04:36 Scout Tower
04:42 Arcane Tower
05:12 Guard Tower
05:14 Scout Tower
05:15 Scout Tower
05:15 Scout Tower
05:18 Scout Tower
05:18 Scout Tower
05:48 Guard Tower
05:48 Guard Tower
05:49 Scout Tower
05:50 Scout Tower
05:51 Scout Tower
05:52 Scout Tower
05:54 Scout Tower
05:56 Scout Tower
06:02 Keep
06:02 Keep
06:18 Guard Tower
06:19 Guard Tower
06:19 Guard Tower
06:35 Guard Tower
06:35 Guard Tower
06:48 Town Hall
06:58 Scout Tower
07:04 Scout Tower
07:05 Scout Tower
07:18 Arcane Tower
07:27 Guard Tower
07:28 Guard Tower
07:28 Guard Tower
07:28 Guard Tower
07:31 Scout Tower
07:33 Scout Tower
07:46 Guard Tower
08:01 Farm
08:02 Farm
08:03 Farm
08:12 Scout Tower
08:12 Scout Tower
08:13 Guard Tower
08:29 Gryphon Aviary
08:34 Gryphon Aviary
08:34 Gryphon Aviary
08:47 Guard Tower
08:47 Guard Tower
08:47 Guard Tower
10:26 Arcane Sanctum
10:29 Blacksmith
11:16 Castle
11:16 Castle
11:45 Barracks
11:53 Scout Tower
11:54 Scout Tower
12:01 Scout Tower
12:02 Scout Tower
12:03 Scout Tower
12:04 Scout Tower
12:54 Guard Tower
13:37 Scout Tower
13:39 Scout Tower
13:40 Scout Tower
13:44 Scout Tower
13:53 Guard Tower
13:53 Guard Tower
13:55 Guard Tower
14:38 Arcane Tower
14:39 Arcane Tower
14:39 Arcane Tower
14:40 Arcane Tower
14:43 Scout Tower
14:43 Scout Tower
15:23 Guard Tower
15:23 Guard Tower
15:28 Guard Tower
15:45 Guard Tower
15:45 Guard Tower
15:46 Guard Tower
15:55 Scout Tower
15:55 Scout Tower
15:56 Scout Tower
17:39 Guard Tower
» items
| Staff of Sanctuary | 2 | |
| Boots of Speed | 3 | |
| Periapt of Vitality | 1 | |
| Scroll of Town Portal | 1 | |
| Staff of Teleportation | 2 | |
| Orb of Venom | 1 | |
10 total
timg4strok (
blue | 111 APM | 2503 actions | 22:31)
4 Archmage
2 Blizzard
2 Brilliance Aura
2 Mountain King
1 Storm Bolt
1 Bash
2 Paladin
1 Holy Light
1 Divine Shield
» actions
| Assign group hotkey | 20 | |
| Basic commands | 31 | |
| Build / train | 99 | |
| ESC pressed | 3 | |
| Enter build submenu | 77 | |
| Enter hero's abilities submenu | 9 | |
| Give item / drop item | 3 | |
| Right click | 995 | |
| Select / deselect | 282 | |
| Select group hotkey | 815 | |
| Use ability | 169 | |
2503 total
» units
| Peasant | 17 | |
| Dragonhawk Rider | 4 | |
21 total
» upgrades
| Masonry | 3 | |
| Magic Sentry | 1 | |
| Animal War Training | 1 | |
| Armor | 3 | |
| Cloud | 1 | |
| Swords | 2 | |
| Sorceress Training | 2 | |
| Priest Training | 2 | |
15 total
» buildings
| Lumber Mill | 1 | |
| Altar of Kings | 1 | |
| Farm | 8 | |
| Scout Tower | 69 | |
| Arcane Tower | 5 | |
| Guard Tower | 31 | |
| Keep | 1 | |
| Town Hall | 1 | |
| Arcane Sanctum | 1 | |
| Arcane Vault | 4 | |
| Gryphon Aviary | 2 | |
| Castle | 1 | |
| Barracks | 1 | |
| Blacksmith | 1 | |
127 total
» build order
00:19 Lumber Mill
00:31 Altar of Kings
00:32 Farm
01:17 Scout Tower
01:22 Farm
01:34 Scout Tower
01:49 Arcane Tower
01:50 Scout Tower
02:10 Guard Tower
02:14 Scout Tower
02:18 Scout Tower
02:31 Scout Tower
02:46 Guard Tower
02:47 Scout Tower
02:48 Scout Tower
03:38 Guard Tower
03:40 Scout Tower
03:41 Scout Tower
03:42 Guard Tower
03:44 Scout Tower
03:44 Scout Tower
03:54 Keep
04:34 Scout Tower
04:38 Guard Tower
04:42 Guard Tower
05:06 Arcane Tower
05:32 Scout Tower
06:11 Town Hall
06:19 Scout Tower
06:20 Scout Tower
06:25 Arcane Sanctum
06:30 Farm
06:30 Farm
06:33 Guard Tower
06:36 Scout Tower
07:02 Scout Tower
07:02 Scout Tower
07:09 Guard Tower
07:10 Scout Tower
07:11 Scout Tower
07:16 Arcane Tower
07:17 Guard Tower
07:31 Arcane Vault
07:33 Arcane Vault
07:36 Guard Tower
08:00 Gryphon Aviary
08:07 Guard Tower
08:08 Scout Tower
08:24 Castle
08:27 Barracks
08:29 Blacksmith
08:32 Farm
08:36 Guard Tower
08:42 Guard Tower
08:44 Scout Tower
08:45 Scout Tower
09:07 Farm
09:55 Guard Tower
09:56 Scout Tower
09:57 Scout Tower
09:58 Scout Tower
10:00 Guard Tower
10:01 Scout Tower
10:02 Scout Tower
10:02 Scout Tower
10:07 Gryphon Aviary
10:08 Farm
10:09 Farm
10:40 Guard Tower
11:17 Guard Tower
11:21 Scout Tower
11:23 Scout Tower
11:25 Guard Tower
11:27 Scout Tower
11:28 Scout Tower
11:47 Arcane Vault
11:49 Arcane Vault
12:16 Guard Tower
12:24 Scout Tower
12:24 Scout Tower
12:56 Guard Tower
12:57 Scout Tower
12:58 Scout Tower
12:59 Scout Tower
13:23 Guard Tower
13:29 Scout Tower
13:30 Scout Tower
13:32 Scout Tower
14:02 Arcane Tower
14:12 Arcane Tower
14:15 Scout Tower
14:16 Scout Tower
14:17 Scout Tower
14:28 Scout Tower
14:28 Scout Tower
14:29 Scout Tower
14:30 Scout Tower
14:31 Scout Tower
14:31 Scout Tower
14:32 Guard Tower
14:36 Guard Tower
14:38 Scout Tower
14:39 Scout Tower
14:43 Scout Tower
14:48 Scout Tower
14:48 Scout Tower
16:33 Guard Tower
17:24 Scout Tower
17:24 Scout Tower
17:25 Scout Tower
17:25 Scout Tower
17:26 Scout Tower
17:27 Guard Tower
17:29 Scout Tower
17:31 Scout Tower
17:33 Scout Tower
17:37 Scout Tower
17:38 Scout Tower
18:26 Scout Tower
18:27 Scout Tower
18:27 Scout Tower
18:29 Guard Tower
18:30 Guard Tower
18:59 Guard Tower
19:21 Guard Tower
19:28 Guard Tower
20:06 Guard Tower
» items
| Staff of Teleportation | 6 | |
| Staff of Sanctuary | 3 | |
| Boots of Speed | 1 | |
| Orb of Venom | 3 | |
13 total
TING4STROP (
red | 103 APM | 2328 actions | 22:34)
3 Warden
2 Shadow Strike
1 Blink
» actions
| Assign group hotkey | 21 | |
| Basic commands | 3 | |
| Build / train | 69 | |
| Enter build submenu | 23 | |
| Enter hero's abilities submenu | 3 | |
| Right click | 1699 | |
| Select / deselect | 283 | |
| Select group hotkey | 153 | |
| Use ability | 74 | |
2328 total
» units
» upgrades
| Ultravision | 1 | |
| Strength of the Wild | 3 | |
| Well Spring | 1 | |
| Nature's Blessing | 1 | |
6 total
» buildings
| Altar of Elders | 1 | |
| Moon Well | 12 | |
| Tree of Ages | 3 | |
| Hunter's Hall | 1 | |
| Tree of Eternity | 1 | |
| Ancient of Wind | 5 | |
| Ancient of Wonders | 2 | |
25 total
» build order
00:11 Altar of Elders
00:38 Moon Well
01:41 Moon Well
04:21 Moon Well
05:19 Moon Well
05:23 Moon Well
05:25 Moon Well
06:59 Tree of Ages
06:59 Tree of Ages
07:27 Moon Well
07:29 Moon Well
08:14 Hunter's Hall
09:22 Tree of Eternity
09:29 Moon Well
09:31 Moon Well
09:35 Moon Well
10:40 Moon Well
11:12 Ancient of Wind
11:33 Ancient of Wind
11:34 Ancient of Wind
11:50 Ancient of Wind
11:55 Ancient of Wind
11:58 Ancient of Wonders
12:07 Ancient of Wonders
» items
| Boots of Speed | 2 | |
| Staff of Teleportation | 5 | |
| Dust of Appearance | 5 | |
| Orb of Venom | 1 | |
13 total
Chat log
(00:38 / All) timg4strok: me serach for so long.. .
(00:42 / All) SlaterFutbolGOD: get gorked.
(00:46 / All) timg4strok: had u ever search a game ?
(00:46 / All) TING4STROP: nobody gork
(02:15 / All) TING4STROP: i pray for u
(02:16 / All) timg4strok: Search again after ?
(02:24 / All) TING4STROP: from?
(02:25 / All) timg4strok: stop you're download porn
(02:26 / All) SlaterFutbolGOD: do you know how long we searched for
(02:28 / All) TING4STROP: from? orange?
(02:34 / All) timg4strok: PLEASE!
(02:35 / All) timg4strok: DO WE NEED TO PAUSE
(02:36 / All) timg4strok: Y GO FIX
(02:36 / All) TING4STROP: pleab
(02:37 / All) TING4STROP: tab out stop downlord
(02:39 / All) 0rc[o]gt: wtf
(02:41 / All) TING4STROP: unplog all roommate comput
(11:40 / All) bprebirth: ptm
(22:29 / All) TING4STROP: bad play